 Dungeon Crawl Stone Soup version 0.29.0-4-gdea44cf6ec (webtiles) character file.

Game seed: 9275142783732109129

46 qw the Sneak (level 3, 0/28 HPs)
             Began as a Ghoul Enchanter on Sept 6, 2022.
             Slain by a scorpion (3 damage)
             ... on level 3 of the Dungeon.
             The game lasted 00:00:43 (1760 turns).

qw the Sneak (Ghoul Enchanter)                      Turns: 1760, Time: 00:00:44

Health: 0/28       AC: 12    Str: 13    XL:     3   Next: 68%
Magic:  4/4        EV: -1    Int: 10    God:
Gold:   110        SH:  0    Dex:  9    Spells: 5/5 levels left

rFire   + . .      SeeInvis +   Y - +0 hand axe
rCold   + + .      Faith    .   (no shield)
rNeg    + + +      Spirit   .   a - +0 gold dragon scales
rPois   inf        Reflect  .   (no helmet)
rElec   .          Harm     .   (no cloak)
rCorr   .          Rampage  .   (no gloves)
Will    .....                   (no boots)
Stlth   ..........              (no amulet)
HPRegen 0.00/turn               o - ring of see invisible
MPRegen 0.09/turn               (no ring)

@: inhibited regen
A: claws 1, cold resistance 1, negative energy resistance 3, inhibited
regeneration, torment resistance 2, devour on kill
a: no special abilities


You were on level 3 of the Dungeon.
You visited 1 branch of the dungeon, and saw 3 of its levels.

You collected 110 gold pieces.


Innate Abilities, Weirdness & Mutations

You are immune to poison.
You have sharp fingernails.
Your flesh is cold resistant. (rC+)
You are immune to negative energy. (rN+++)
You do not regenerate when monsters are visible.
You are immune to unholy pain and torment.
You thrive by killing the living.


   Skills:
 + Level 1.3 Fighting
 - Level 0.8 Short Blades
 - Level 2.2 Axes
 - Level 1.0 Armour
 - Level 1.7 Dodging
 - Level 3.2 Stealth
 - Level 1.7 Spellcasting
 - Level 2.4 Hexes


You had 5 spell levels left.
You didn't know any spells.
Your spell library contained the following spells:

 Spells                   Type           Power      Damage    Failure   Level
 Ensorcelled Hibernation  Hex/Ice        6%         N/A       100%        2
 Confusing Touch          Hex            5%         N/A       100%        3
 Dazzling Flash           Conj/Hex       6%         N/A       100%        3
 Tukima's Dance           Hex            5%         N/A       100%        3

Inventory:

Hand Weapons
 l - a +0 whip
 Y - a +0 hand axe (weapon)
Missiles
 d - 3 javelins (quivered)
Armour
 a - +0 gold dragon scales (worn)
Jewellery
 o - a ring of see invisible (left claw)
Scrolls
 j - a scroll of identify
Potions
 b - a potion of attraction {unknown}
 e - a potion of lignification {unknown}
 f - a potion of cancellation {unknown}
 g - a potion of might {unknown}
 h - a potion of ambrosia {unknown}
 i - a potion of flight {unknown}
 k - a potion of curing {unknown}
 m - a potion of brilliance {unknown}
 n - a potion of resistance {unknown}

Dungeon Overview and Level Annotations

Branches:
Dungeon (3/15)

Altars:


Message History

You feel your willpower return.
The scorpion stings you but does no damage.
The scorpion stings you.
You hit the scorpion.
The scorpion is moderately wounded.
The scorpion stings you but does no damage.
You hit the scorpion but do no damage.
The scorpion is moderately wounded.
The scorpion stings you but does no damage. x2
You completely miss the scorpion.
The scorpion is moderately wounded.
The scorpion stings you.
You barely miss the scorpion.
The scorpion is moderately wounded.
The scorpion stings you but does no damage. x2
You hit the scorpion but do no damage.
The scorpion is moderately wounded.
The scorpion stings you but does no damage.
You hit the scorpion.
The scorpion is heavily wounded.
The scorpion stings you but does no damage.
You barely miss the scorpion.
The scorpion is heavily wounded.
The scorpion stings you but does no damage. x2
You hit the scorpion but do no damage.
The scorpion is heavily wounded.
The scorpion stings you.
You hit the scorpion.
The scorpion is heavily wounded.
The scorpion stings you but does no damage. x2
You hit the scorpion.
The scorpion is severely wounded.
The scorpion stings you but does no damage.
You hit the scorpion but do no damage.
The scorpion is severely wounded.
The scorpion stings you but does no damage. x2
You hit the scorpion but do no damage.
The scorpion is severely wounded.
The scorpion stings you.
You die...

. #. .. .#
###..##..
#@.......
#.....s..###.
#.######.# #


You could see a scorpion.

Vanquished Creatures
  An adder (D:2)
  2 dart slugs
  3 ball pythons
  3 endoplasms
  4 goblins
  2 hobgoblins (D:2)
  4 jackals (D:2)
  A bat (D:1)
  3 frilled lizards
  6 kobolds
  4 rats
33 creatures vanquished.

Notes
Turn   | Place    | Note
-------+----------+-------------------------------------------
     0 | D:1      | qw the Ghoul Enchanter began the quest for the Orb.
     0 | D:1      | Reached XP level 1. HP: 14/14 MP: 2/2
     0 | D:1      | 0 ||| qw: Version: 0.1-a-108-g9e35731
     0 | D:1      | 0 ||| qw: Game counter: 6400
     0 | D:1      | 0 ||| qw: Always use a shield: true
     0 | D:1      | 0 ||| qw: God list: Okawaru
     0 | D:1      | 0 ||| qw: Allow faded altars: false
     0 | D:1      | 0 ||| qw: Do Orc after D:15 true
     0 | D:1      | 0 ||| qw: Do second Lair branch before Depths: true
     0 | D:1      | 0 ||| qw: Lair rune preference: random
     0 | D:1      | 0 ||| qw: Plans: Normal
     0 | D:1      | 0 ||| PLANNING D:1-11
    86 | D:1      | 86 ||| SWAPPING to +0 short sword.
    87 | D:1      | 87 ||| DROPPING +1 dagger.
   153 | D:1      | Found a faded altar of an unknown god.
   241 | D:1      | 241 ||| Stepping ~*~*~tactically~*~*~ (stealth).
   242 | D:1      | 242 ||| Stepping ~*~*~tactically~*~*~ (stealth).
   246 | D:1      | 246 ||| Stepping ~*~*~tactically~*~*~ (stealth).
   247 | D:1      | 247 ||| Stepping ~*~*~tactically~*~*~ (stealth).
   259 | D:1      | Reached skill level 1 in Axes
   478 | D:1      | 478 ||| Stepping ~*~*~tactically~*~*~ (hiding).
   580 | D:1      | 580 ||| Stepping ~*~*~tactically~*~*~ (hiding).
   687 | D:1      | Reached XP level 2. HP: 22/22 MP: 3/3
   703 | D:1      | Reached skill level 1 in Fighting
   889 | D:1      | 889 ||| SWAPPING to +0 whip.
   890 | D:1      | 890 ||| DROPPING +0 short sword.
  1036 | D:1      | 1036 ||| Stepping ~*~*~tactically~*~*~ (stealth).
  1096 | D:1      | 1096 ||| Stepping ~*~*~tactically~*~*~ (stealth).
  1130 | D:1      | 1130 ||| UPGRADING to +0 gold dragon scales.
  1140 | D:1      | 1140 ||| DROPPING +0 robe.
  1141 | D:1      | 1141 ||| READING scroll labelled MAPHESCH MECA.
  1142 | D:1      | 1142 ||| READING 2 scrolls labelled TUNGUG QUOMOPT.
  1143 | D:1      | 1143 ||| READING scroll labelled XIGOBR AREPS.
  1148 | D:1      | 1148 ||| DROPPING 2 potions of invisibility.
  1214 | D:2      | 1214 ||| SWAPPING to +0 hand axe.
  1306 | D:2      | Reached XP level 3. HP: 28/28 MP: 4/4
  1318 | D:2      | Reached skill level 1 in Armour
  1477 | D:2      | 1477 ||| Stepping ~*~*~tactically~*~*~ (hiding).
  1479 | D:2      | 1479 ||| Stepping ~*~*~tactically~*~*~ (hiding).
  1705 | D:2      | 1705 ||| UPGRADING to ring of see invisible.
  1706 | D:2      | 1706 ||| READING scroll labelled WIHEUT PAHIACW.
  1707 | D:2      | 1707 ||| READING scroll labelled ERAGAD GEUFYU.
  1735 | D:3      | Noticed a scorpion
  1751 | D:3      | HP: 5/28 [scorpion (3)]
  1756 | D:3      | HP: 3/28 [scorpion (2)]
  1760 | D:3      | Slain by a scorpion

Levels and vault maps discovered:
D:1:      mrwooster_arrival_statue_3, layout_loops_ring,
          ebering_ecumenical_altar_petrified
D:2:      layout_rooms, corexii_shack
D:3:      layout_basic

Skill      XL: |  1  2  3 |
---------------+----------+-----
Axes           | 1 2 |  2.2
Fighting       | 1 |  1.3
Armour         | 1 |  1.0
Short Blades   | |  0.8
Dodging        | |  1.7
Stealth        | |  3.2
Spellcasting   | |  1.7
Hexes          | |  2.4

Action                   || total
-------------------------++-------
Melee: Short sword       ||    20
       Dagger            ||     6
       Punch             ||     3
       Whip              ||    29
       Hand axe          ||    65
Throw: Javelin           ||    31
  Use: Scroll            ||     5
Armor: Robe              ||     8
       Gold dragon scale ||    91
Dodge: Dodged            ||    32

Table legend:
 A = Non-vault XP
 B = Vault XP
 C = Vault XP percentage of total XP
 D = Non-vault monster count
 E = Vault monster count
 F = Vault count percentage of total count
                 A         B        C        D         E       F
            +---------+---------+-------+---------+---------+-------
      Total |      65 |       2 |   3.0 |      32 |       1 |   3.0
            +---------+---------+-------+---------+---------+-------
        D:1 |      26 |       0 |   0.0 |      16 |       0 |   0.0
        D:2 |      39 |       2 |   4.9 |      16 |       1 |   5.9
            +---------+---------+-------+---------+---------+-------
